 Dungeon Crawl Stone Soup version 0.24.0-123-gd5b16e6ec5 (webtiles) character file.

Game seed: 16766398467206906163, levelgen mode: deterministic

3103 Descartes the Transmogrifier (level 9, -2/40 HPs)
             Began as a Vine Stalker Transmuter on Feb 7, 2020.
             Was an Initiate of Ashenzari.
             Slain by an unseen horror (6 damage)
             ... on level 7 of the Dungeon.
             The game lasted 00:21:51 (6885 turns).

Descartes the Transmogrifier (VSTm)                 Turns: 6885, Time: 00:21:52

Health: -2/40      AC: 10    Str: 15    XL:     9   Next: 90%
Magic:  0/22       EV: 10    Int: 13    God:    Ashenzari [......]
Gold:   108        SH:  0    Dex: 16    Spells: 4/12 levels left

rFire    + . .     SeeInvis .     - Unarmed
rCold    . . .     Gourm    .   (no shield)
rNeg     . . .     Faith    .   z - +2 scale mail {rPois} (curse)
rPois    +         Spirit   +   (no helmet)
rElec    .         Reflect  .   (no cloak)
rCorr    .         Harm     .   (no gloves)
MR       +....                  G - +0 pair of boots
Stlth    ..........             (no amulet)
HPRegen  0.53/turn              r - ring of magical power
MPRegen  0.18/turn              y - ring of protection from fire

@: no status effects
A: fangs 3, regeneration 1, magic shield, antimagic bite, no potion heal 3, rot
immunity
a: Curse Item, Renounce Religion


You were on level 7 of the Dungeon.
You worshipped Ashenzari.
Ashenzari was noncommittal.
You were not hungry.

You visited 2 branches of the dungeon, and saw 8 of its levels.
You also visited: Sewer.

You collected 432 gold pieces.
You spent 324 gold pieces at shops.

Inventory:

Hand Weapons
 a - the +3 hunting sling "Ramoiggo" {freeze, Str+6}
   (You found it on level 4 of the Dungeon)

   It causes projectiles fired from it to freeze those they strike, causing
   extra injury to most foes and up to half again as much damage against
   particularly susceptible opponents.
   They can also slow down cold-blooded creatures.
   It affects your strength (+6).
 K - a +1 rapier of venom
Missiles
 e - 49 sling bullets
 g - 4 javelins (quivered)
 i - 165 stones
 q - 37 bolts
 C - 157 arrows
 I - 8 poisoned darts
Armour
 m - a +1 plate armour
 z - a cursed +2 scale mail of poison resistance (worn)
 G - a +0 pair of boots (worn)
 L - a +3 leather armour of positive energy
Jewellery
 r - a ring of magical power (left hand)
 v - an uncursed ring of positive energy
 y - a ring of protection from fire (right hand)
Wands
 u - a wand of random effects (25)
 w - a wand of flame (11)
 A - a wand of scattershot (3)
 D - a wand of iceblast (10)
 H - a wand of enslavement (5)
Scrolls
 b - a scroll of magic mapping {unknown}
 f - a scroll of amnesia {unknown}
 n - 3 scrolls of blinking
 o - 6 scrolls of teleportation
 t - 2 scrolls of enchant weapon {unknown}
 x - a scroll of silence {unknown}
 B - a scroll of fog
 F - a scroll of fear {unknown}
Potions
 c - 2 potions of flight
 h - 5 potions of curing
 j - 4 potions of magic
 k - a potion of brilliance
 l - a potion of resistance
 p - a potion of berserk rage
 s - 4 potions of might
 E - a potion of invisibility
Comestibles
 d - 10 rations
 J - 2 chunks of flesh


   Skills:
 - Level 0.8 Fighting
 + Level 6.2 Armour
 - Level 1.5 Dodging
 + Level 8.2 Unarmed Combat
 - Level 2.1 Spellcasting
 + Level 8.5 Transmutations


You had 4 spell levels left.
You knew the following spells:

 Your Spells              Type           Power        Failure   Level  Hunger
a - Beastly Appendage     Tmut           ###...       2%          1    ##.....
b - Sticks to Snakes      Tmut           ###.....     4%          2    ###....
c - Blade Hands           Tmut           ###.......   58%         5    ######.

Your spell library contained the following spells:

 Spells                   Type           Power        Failure   Level  Hunger
 Spider Form              Tmut/Pois      ##........   41%         3    ####...
 Poisonous Vapours        Pois/Air       #.....       78%         2    ###....
 Ice Form                 Ice/Tmut       ##......     83%         4    #####..
 Conjure Flame            Conj/Fire      #.......     95%         3    ####...
 Mephitic Cloud           Conj/Pois/Air  #.......     95%         3    ####...
 Freezing Cloud           Conj/Ice/Air   #.........   100%        6    #######
 Ring of Flames           Chrm/Fire      #.........   100%        7    #######


Dungeon Overview and Level Annotations

Branches:
Dungeon (7/15)             Temple (1/1) D:7           Sewer (visited)

Altars:
Ashenzari
Cheibriados
Dithmenos
Elyvilon
Fedhas
Gozag
Hepliaklqana
Kikubaaqudgha
Nemelex Xobeh
Okawaru
Qazlal
Ru
Sif Muna
Trog
Uskayaw
Wu Jian
Xom
Yredelemnul
Zin
The Shining One

Shops:
D:4 *


Innate Abilities, Weirdness & Mutations

You have razor-sharp teeth.
Your natural rate of healing is unusually fast.
When hurt, damage is shared between your health and your magic reserves.
Your bite disrupts and absorbs the magic of your enemies.
Potions cannot restore your health.
You are immune to rotting.


Message History

The orc priest is moderately wounded.
Something hits you but does no damage.
The orc priest hits you but does no damage.
You hit the orc priest. You punch the orc priest.
You kill the orc priest!
You hit the orc.
The orc is heavily wounded.
Something hits you.
The orc priest mumbles some strange prayers to Beogh against you.
Beogh smites you!
Something hits you but does no damage. x2; The orc hits you with a +0 flail.
* * * LOW HITPOINT WARNING * * *
The orc priest calls down the wrath of Beogh upon you.
Beogh smites you!
* * * LOW HITPOINT WARNING * * *
Something hits you!
* * * LOW HITPOINT WARNING * * *
Something hits you but does no damage. Something hits you!
You die...

#.....8.8.8..##.#.# ##.#รท...
#.......o[...##...# ##..#<)..
#...........####..# #..##....
#....#....o)# #..# #^###....
#....#_)...o####..# #.# #....
#....#........##..### #.#
##.## ####........#o.#....##
#.# ##.##
#........##.##.#..###.###....
##.8.8.8.[..@#.##.....##...##
#.......##..........###.#.##
#.......###......)..#...#.#
######### ##.......##.###.##
##.......#...>....
###..........####.#.
####............# #.#.
#.......###.#..## #.#.
#.......#...#..## #.#.


You could see an orc priest and 3 orcs.

Vanquished Creatures
  The ghost of kalodont the Covert, a novice KoEn of Dithmenos (D:7)
  Duvessa (D:6)
  A phantom (D:4)
  A hornet zombie (D:7)
  An orc warrior (D:6)
  A necrophage (D:7)
  3 centaurs
  6 big kobolds
  5 bullfrogs
  Dowan (D:6)
  5 killer bees (D:6)
  8 crimson imps
  A bullfrog skeleton (D:5)
  A hound (D:5)
  4 orc wizards
  A gnoll shaman (D:6)
  4 orc priests
  A centaur skeleton (D:7)
  2 iguanas (D:7)
  4 worker ants
  A howler monkey zombie (D:6)
  A worker ant zombie (D:7)
  9 gnolls
  9 adders
  2 shadow imps (D:5)
  3 oozes
  6 worms
  A dart slug (D:4)
  A leopard gecko (D:1)
  13 orcs
  3 ball pythons (Sewer)
  6 giant cockroaches
  7 goblins
  5 hobgoblins
  4 jackals
  3 quokkas
  2 bats
  6 frilled lizards
  A giant cockroach zombie (D:6)
  A jackal skeleton (D:4)
  14 kobolds
  A leopard gecko skeleton (D:7)
  2 quokka skeletons
  A quokka zombie (D:7)
  4 rats
158 creatures vanquished.

Notes
Turn   | Place    | Note
-------+----------+-------------------------------------------
     0 | D:1      | Descartes the Vine Stalker Transmuter began the quest for
                  | the Orb.
     0 | D:1      | Reached XP level 1. HP: 9/9 MP: 4/4
   416 | D:1      | Reached XP level 2. HP: 8/14 MP: 3/6
   428 | D:1      | Learned a level 2 spell: Sticks to Snakes
  1117 | D:1      | Reached XP level 3. HP: 16/17 MP: 5/7
  2171 | D:3      | Found a glowing drain.
  2198 | Sewer    | Entered a sewer
  2246 | Sewer    | Gained mutation: Your natural rate of healing is unusually
                  | fast. [Vine Stalker growth]
  2246 | Sewer    | Reached XP level 4. HP: 6/21 MP: 8/8
  2343 | Sewer    | Noticed a big kobold
  2368 | Sewer    | Killed a big kobold
  2368 | Sewer    | Reached skill level 1 in Armour
  2368 | Sewer    | Reached XP level 5. HP: 16/25 MP: 9/9
  2384 | Sewer    | Learned a level 5 spell: Blade Hands
  2623 | Sewer    | Noticed a big kobold
  2623 | Sewer    | Noticed a big kobold
  2645 | Sewer    | Killed a big kobold
  2645 | Sewer    | Reached XP level 6. HP: 21/29 MP: 10/10
  2748 | Sewer    | Reached skill level 5 in Transmutations
  2748 | Sewer    | Reached XP level 7. HP: 31/32 MP: 11/11
  2978 | D:3      | You fall into a shaft and drop 3 floors!
  3045 | D:6      | Reached skill level 5 in Unarmed Combat
  3194 | D:5      | Entered Level 5 of the Dungeon
  3339 | D:5      | Found a transporter.
  3344 | D:5      | Found a glowing silver altar of Zin.
  3363 | D:5      | Found a transporter.
  3451 | D:5      | Gained mutation: You have razor-sharp teeth. [Vine Stalker
                  | growth]
  3451 | D:5      | Reached XP level 8. HP: 37/37 MP: 12/12
  3549 | D:4      | Got an ichor-stained hunting sling
  3551 | D:4      | Identified the cursed +3 hunting sling "Ramoiggo" {freeze,
                  | Str+6} (You found it on level 4 of the Dungeon)
  4000 | D:3      | Found a bloodstained altar of Trog.
  4415 | D:4      | Found a shimmering altar of Xom.
  4544 | D:4      | Found a snail-covered altar of Cheibriados.
  4646 | D:4      | Found Tian's Assorted Antiques.
  4651 | D:4      | Bought 2 scrolls of identify for 96 gold pieces
  4651 | D:4      | Bought a scroll labeled DUGULY YGEIMYRIQU for 24 gold
                  | pieces
  4651 | D:4      | Bought a scroll labeled PONAOZXEAMY for 24 gold pieces
  4876 | D:5      | Found a white marble altar of Elyvilon.
  5373 | D:4      | Bought a scroll of enchant armour for 180 gold pieces
  5764 | D:7      | Found a staircase to the Ecumenical Temple.
  5776 | D:7      | Reached XP level 9. HP: 40/40 MP: 13/13
  5787 | D:7      | Reached skill level 5 in Armour
  5800 | Temple   | Entered the Ecumenical Temple
  6035 | Temple   | Became a worshipper of Ashenzari the Shackled
  6386 | D:7      | Found a runed translucent gate.
  6386 | D:7      | Found a runed translucent gate.
  6386 | D:7      | Found a runed translucent gate.
  6392 | D:7      | Noticed kalodont's ghost (novice KoEn)
  6421 | D:7      | Killed kalodont's ghost
  6508 | D:7      | Found a hide-covered altar of Uskayaw.
  6614 | D:7      | HP: 1/40 [orc priest/divine providence (5)]
  6649 | D:7      | Noticed Duvessa
  6649 | D:7      | Noticed Dowan
  6784 | D:6      | Killed Duvessa
  6791 | D:6      | Killed Dowan
  6882 | D:7      | HP: 2/40 [something (4)]
  6885 | D:7      | Slain by an unseen horror

Levels and vault maps discovered:
D:1:      lightli_arrival_windingriver, layout_loops_ring,
          chequers_serial_rivers_micro_e
D:2:      layout_basic, first_ration, serial_forest,
          infiniplex_forest_end_double, infiniplex_forest_clump_curved,
          infiniplex_forest_straight_1, infiniplex_forest_lined_3,
          infiniplex_forest_lined_2
D:3:      layout_basic, lightli_temple_of_fire, cheibrodos_sewer_entry_bend,
          minmay_misc_feat_chi
D:4:      layout_rooms, led_xom_imps, kennysheep_slug_shrine, serial_shops,
          shop_fountains, hangedman_abyss_or_decor_lesser_grid,
          serial_bayou_pond_d, lemuel_another_geyser
D:5:      gammafunk_wand_slinger, layout_basic, elyvilon_altar_1, zin_statuary
D:6:      layout_rooms
D:7:      layout_rooms, eat_drink_and_be_merry_uskayaw,
          minmay_temple_entry_glassed_door, gammafunk_ghost_necromancy,
          minmay_manual_mail, uniq_duvessa
Temple:   eino_temple_water

Skill      XL: |  1  2  3  4  5  6  7  8  9 |
---------------+----------------------------+-----
Transmutations | 3 4 5 7 8 |  8.5
Armour         | 1 2 3 4 6 |  6.2
Unarmed Combat | 4 5 6 8 |  8.2
Fighting       | |  0.8
Dodging        | |  1.5
Spellcasting   | |  2.1

Action                   |  1- 3 |  4- 6 |  7- 9 || total
-------------------------+-------+-------+-------++-------
Melee: Unarmed           |   150 |   151 |   565 ||   866
       Bite              |    35 |    37 |   179 ||   251
       Punch             |       |     1 |    21 ||    22
Invok: Curse Item        |       |       |     1 ||     1
  Use: Scroll            |     8 |       |    12 ||    20
       Potion            |       |     1 |     2 ||     3
 Stab: Sleeping          |     1 |       |       ||     1
  Eat: Chunk             |     2 |     1 |    11 ||    14
       Ration            |     1 |       |     1 ||     2
Armor: Robe              |     4 |       |       ||     4
       Scale mail        |     9 |       |   229 ||   238
       Plate armour      |    51 |    91 |    82 ||   224
Dodge: Dodged            |    46 |    10 |   260 ||   316
